 Dungeon Crawl Stone Soup version 0.27.1-2-g3b301248ec (webtiles) character file.

Game seed: 10602783741191034368

56 barney the Changer (level 3, -2/28 HPs)
             Began as a Draconian Transmuter on Oct 1, 2021.
             Killed by divine providence
             ... invoked by an orc priest
              (13 damage)
             ... on level 3 of the Dungeon.
             The game lasted 00:02:08 (2497 turns).

barney the Changer (Draconian Transmuter)           Turns: 2497, Time: 00:02:08

Health: -2/28      AC:  2    Str: 12    XL:     3   Next: 69%
Magic:  0/6        EV: 19    Int: 14    God:
Gold:   81         SH:  0    Dex: 16    Spells: 2/6 levels left

rFire    . . .     SeeInvis .     - Unarmed
rCold    . . .     Faith    .   (shield currently unavailable)
rNeg     . . .     Spirit   .   (armour unavailable)
rPois    x         Reflect  .   (helmet currently unavailable)
rElec    .         Harm     .   (cloak currently unavailable)
rCorr    .         Rampage  .   (gloves currently unavailable)
Will     .....                  (boots currently unavailable)
Stlth    +.........             (no amulet)
HPRegen  0.09/turn              (no ring)
MPRegen  0.10/turn              (no ring)

@: spider-form (expiring), very slightly contaminated
A: venomous fangs, AC +5, tiny, unfitting armour, (cold-blooded)
a: End Transformation


You were on level 3 of the Dungeon.
You were a venomous arachnid creature.
You visited 1 branch of the dungeon, and saw 3 of its levels.

You collected 81 gold pieces.

Inventory:

Armour
 b - a +0 pair of boots (melded)
Jewellery
 f - a ring of fire
Wands
 d - a wand of digging (7)
Scrolls
 c - a scroll of identify {unknown}
 g - a scroll of immolation {unknown}
 h - a scroll of amnesia {unknown}
Potions
 a - a potion of brilliance {unknown}
 e - 2 potions of invisibility {unknown}


   Skills:
 - Level 1.1 Fighting
 - Level 1.7 Dodging
 - Level 3.0 Unarmed Combat
 - Level 2.0 Spellcasting
 * Level 4.1 Transmutations


You had 2 spell levels left.
You knew the following spells:

 Your Spells              Type           Power      Damage    Failure   Level
a - Beastly Appendage     Tmut           26%        N/A       13%         1
b - Spider Form           Tmut/Pois      3%         N/A       52%         3

Your spell library contained the following spells:

 Spells                   Type           Power      Damage    Failure   Level
 Wereblood                Tmut           13%        N/A       19%         2
 Ice Form                 Ice/Tmut       7%         N/A       87%         4


Dungeon Overview and Level Annotations

Branches:
Dungeon (3/15)

Altars:

Shops:
D:1 [


Innate Abilities, Weirdness & Mutations

You are a venomous arachnid creature.
You have poisonous fangs.
You are tiny and dextrous.
Your spellcasting is less reliable in this form.
Your armour is entirely melded.
You are incapable of wielding weapons or throwing items.
((Your plain brown scales are hard. (AC +5)))
You cannot fit into any form of body armour.
((You are cold-blooded and may be slowed by cold attacks.))


Message History

You miscast Spider Form.
You are very lightly contaminated with residual magic.
You feel incredibly sick!
You are poisoned.
You feel sick. The orc barely misses you.
Unknown command.
You feel sick.
You feel sick.
Your horns disappear.
Your talons disappear.
Your +0 pair of boots unmelds from your body.
You feel sick.
The orc priest begins to cast a cantrip, but forgets the words!
There is an open door here.
Casting: Spider Form (extremely dangerous; 30% risk of failure)
Confirm with . or Enter, or press ? or * to list all spells.
The spell is extremely dangerous to cast (30% risk of failure)!
Continue anyway?
You turn into a venomous arachnid creature.
Your +0 pair of boots melds into your body.
Your transformation is almost over.
You feel sick.
You hit the orc.
The orc is poisoned.
The orc is heavily wounded.
You feel sick.
You are no longer poisoned.
You kill the orc!
The orc completely misses you.
You see here a +0 flail.
You hit the orc.
The orc is lightly wounded.
The orc barely misses you.
You hit the orc.
The orc is poisoned.
The orc is almost dead.
The orc closely misses you.
You hit the orc.
You kill the orc!
You hit the orc but do no damage.
The orc is poisoned.
The orc barely misses you.
The orc priest mumbles some strange prayers to Beogh against you.
Beogh smites you!
You die...

#.......###........
#.⌠._.⌠.# #.#.#####
#.......# #.#.#
##.8.⌠.8.# #.#.#
#.........>.....
#...########+#+#
#...# .....
##'#####......
#.so.o.......
#######...... #...#
#.# #


You could see an orc priest and an orc (very poisoned).

Vanquished Creatures
  2 adders
  A worm (D:2)
  A dart slug (D:1)
  2 orcs (D:3)
  3 endoplasms
  A giant cockroach (D:1)
  2 goblins (D:2)
  2 hobgoblins (D:2)
  2 jackals (D:3)
  2 quokkas (D:2)
  A ball python (D:1)
  A bat (D:1)
  6 kobolds
  6 rats
32 creatures vanquished.

Notes
Turn   | Place    | Note
-------+----------+-------------------------------------------
     0 | D:1      | barney the Draconian Transmuter began the quest for the
                  | Orb.
     0 | D:1      | Reached XP level 1. HP: 16/16 MP: 3/3
   156 | D:1      | Found Igaeblox's Armour Boutique.
   584 | D:1      | Reached XP level 2. HP: 21/23 MP: 3/5
   960 | D:1      | Reached skill level 3 in Transmutations
  1339 | D:2      | Reached XP level 3. HP: 28/28 MP: 4/6
  1354 | D:2      | Learned a level 3 spell: Spider Form
  2389 | D:3      | Found a faded altar of an unknown god.
  2434 | D:3      | Reached skill level 4 in Transmutations
  2497 | D:3      | Killed from afar by an orc priest

Illustrated notes

Levels and vault maps discovered:
D:1:      wander_arrival_desolate, layout_loops_ring, serial_shops, shop
D:2:      layout_rooms, dk_noncrumbling_3
D:3:      layout_basic, hellmonk_ecumenical_altar_dog_temple,
          biasface_ghost_orc_armoury, due_unseen_surprise

Skill      XL: |  1  2  3 |
---------------+----------+-----
Transmutations | 3 4 |  4.1
Fighting       | |  1.1
Dodging        | |  1.7
Unarmed Combat | |  3.0
Spellcasting   | |  2.0

Action                   || total
-------------------------++-------
Melee: Unarmed           ||   100
       Kick              ||    18
       Headbutt          ||    10
       Punch             ||     1
       Tailslap          ||     4
 Cast: Beastly Appendage ||    21
       Spider Form       ||     1
Armor: Skin              ||    22
Dodge: Dodged            ||    69
